 Dungeon Crawl Stone Soup version 0.32-a0-41-gec2d92a32c (webtiles) character file.

Game seed: 4424449228329429521

40 popopopopop the Trooper (level 3, -3/29 HPs)
             Began as a Demonspawn Monk on Jan 25, 2024.
             Was a Priest of Trog.
             Slain by a gnoll
             ... wielding a +0 flail
             ... led by a gnoll bouda
              (6 damage)
             ... on level 3 of the Dungeon.
             The game lasted 00:14:05 (979 turns).

popopopopop the Trooper (Demonspawn Monk)            Turns: 979, Time: 00:14:05

Health: -3/29      AC:  4    Str: 11    XL:     3   Next: 30%
Magic:  3/3        EV: 12    Int: 10    God:    Trog [***...]
Gold:   100        SH:  0    Dex: 17    Spells: 2/2 levels left

rFire   . . .        a - +1 hand axe
rCold   . . .        (no shield)
rNeg    . . .        i - +0 leather armour
rPois   .            (helmet restricted)
rElec   .            (no cloak)
rCorr   .            h - +0 pair of gloves
SInv    .            (no boots)
Will    .....        (no amulet)
Stlth   +            (no ring)
HPRegen 0.24/turn    (no ring)
MPRegen 0.08/turn

%: no passive effects
@: no status effects
A: horns 1
a: Renounce Religion, Berserk, Trog's Hand


You were on level 3 of the Dungeon.
You worshipped Trog.
Trog was most pleased with you.
You visited 1 branch of the dungeon, and saw 3 of its levels.

You collected 100 gold pieces.

Inventory:

Hand Weapons
 a - a +1 hand axe (weapon)
 j - a +1 dagger of holy wrath
Armour
 b - a +0 robe
 d - an orb of light
 h - a +0 pair of gloves (worn)
 i - a +0 leather armour (worn)
Wands
 g - a wand of paralysis (2)
Scrolls
 f - a scroll of silence
Potions
 c - a potion of ambrosia
 e - a potion of magic (quivered)


   Skills:
 + Level 3.5 Fighting
 + Level 3.3 Axes
 + Level 3.1 Dodging


You had 2 spell levels left.
You didn't know any spells.
Your spell library was empty.

Dungeon Overview and Level Annotations

Branches:
Dungeon (3/15)

Altars:
Dithmenos
Trog


Innate Abilities, Weirdness & Mutations

You have a pair of small horns on your head.


Message History

You slash the endoplasm!
You kill the endoplasm!
Trog accepts your kill.
A gnoll comes into view. It is wielding a +0 spear.
The gnoll shouts!
A gnoll bouda comes into view. It is wielding a +0 club.
A gnoll comes into view. It is wielding a +0 flail.
Found a blue potion.
The gnoll bouda shouts!
The gnoll shouts!
The gnoll hits the plant with a +0 spear!
The plant begins to die.
A gnoll comes into view. It is wielding a +0 club.
The gnoll bouda barks out a call to the hunt!
The gnolls pick up the pace!
The gnoll moves out of view.
You hear a shout!
You start removing your armour.
You continue taking off your orb of light.
You hear an angry hiss.
You continue taking off your orb of light. x3
The gnoll barely misses you.
You finish taking off your orb of light.
You hit the gnoll.
The gnoll is moderately wounded.
The gnoll hits you with a +0 flail.
You hit the gnoll but do no damage. You headbutt the gnoll.
The gnoll is heavily wounded.
The gnoll hits you with a +0 flail!
The gnoll hits you from afar with a +0 spear.
You hit the gnoll.
The gnoll is almost dead.
The gnoll hits you with a +0 flail!
The gnoll hits you from afar with a +0 spear.
The gnoll hits you with a +0 flail!
* * * LOW HITPOINT WARNING * * *
You hit the gnoll but do no damage.
The gnoll is almost dead.
The gnoll closely misses you. x2
The gnoll attacks as it pursues you! The gnoll hits you with a +0 flail.
You die...

....# #.# .....
#.# ..... #.#
..... #.# #.# #.#
#.# #######
.###.#.###.......
......gg.g@.......
#.###.#+###.......
... ######.


PP. . .ggPP .. P.g. . !... You could see a gnoll bouda and 2 gnolls.

Vanquished Creatures
  3 dart slugs
  2 ribbon worms (D:2)
  2 endoplasms (D:3)
  3 giant cockroaches
  4 goblins
  2 quokkas
  2 ball pythons
  5 bats
  A frilled lizard (D:1)
  2 kobolds
  4 rats (D:1)
30 creatures vanquished.

Notes
Turn   | Place    | Note
-------+----------+-------------------------------------------
     0 | D:1      | popopopopop the Demonspawn Monk began the quest for the
                  | Orb.
     0 | D:1      | Reached XP level 1. HP: 18/18 MP: 1/1
   247 | D:1      | Gained mutation: You have a pair of small horns on your
                  | head. [demonic ancestry]
   247 | D:1      | Reached XP level 2. HP: 22/24 MP: 2/2
   288 | D:1      | Found a faded altar of an unknown god.
   320 | D:1      | Prayed at the altar of an unknown god.
   320 | D:1      | Became a worshipper of Trog the Wrathful
   320 | D:1      | Reached * piety under Trog
   320 | D:1      | Reached ** piety under Trog
   600 | D:2      | Reached XP level 3. HP: 29/29 MP: 3/3
   711 | D:2      | Reached *** piety under Trog
   892 | D:3      | Found a shadowy altar of Dithmenos.
   979 | D:3      | Slain by a gnoll

Illustrated notes

Levels and vault maps discovered:
D:1:      dpeg_arrival_subterranean_lakeside_camping, layout_loops_ring,
          hellmonk_ecumenical_altar_crossroads, chequers_serial_rivers_large_b
D:2:      layout_rooms, basic_altar
D:3:      layout_basic, grunt_dithmenos_smoke_and_mirrors, zin_angel,
          mainiacjoe_sewer_entry_somewhere_in_here_2, nicolae_grassy_gnolls

Skill      XL: |  1  2 |
---------------+-------+-----
Axes           | 3 |  3.3
Dodging        | 3 |  3.1
Fighting       | |  3.5

Action                     || total
---------------------------++-------
  Melee: Hand axe          ||    75
         Headbutt          ||    14
 Invoke: Trog's Hand       ||     1
    Use: Potion            ||     7
         Scroll            ||     6
 Armour: Robe              ||    26
         Leather armour    ||     8
  Dodge: Dodged            ||    60

Table legend: (Time is in decaauts)
 A = Elapsed time spent in this place.
 B = Non-inter-level travel time spent in this place.
 C = Inter-level travel time spent in this place.
 D = Time resting spent in this place.
 E = Time spent auto-exploring this place.
 F = Levels seen in this place.
 G = Mean time per level.
                   A        B        C        D        E       F      G
               +--------+--------+--------+--------+--------+-----+--------+
         Total |   1028 |    389 |    639 |      0 |      0 |   3 |  342.7 |
       Dungeon |   1028 |    389 |    639 |      0 |      0 |   3 |  342.7 |
               +--------+--------+--------+--------+--------+-----+--------+

Top non-repeatable levels by time:
     D:1: 542 daAuts
     D:2: 396 daAuts
     D:3: 89 daAuts
